 Dungeon Crawl Stone Soup version 0.16-a0-296-gbdb9f68 (webtiles) character file.

113580 Johnny the Blocker (level 17, -2/119 HPs)
             Began as a Human Berserker on Aug 29, 2014.
             Was an Elder of Trog.
             Killed from afar by a deep elf annihilator (51 damage)
             ... with an iron shot
             ... on Level 3 of the Elven Halls.
             The game lasted 02:58:44 (32105 turns).

Johnny the Blocker (Human Berserker)               Turns: 32105, Time: 02:58:46

HP  -2/119       AC 30     Str 18      XL: 17   Next: 18%
MP  24/24        EV  6     Int  8      God: Trog [****..]
Gold 488         SH 20     Dex 17      Spells:  0 memorised, 16 levels left

rFire  + + .     SeeInvis +     R - +8 war axe of a sewer {flame, rF+ rC+}
rCold  + . .     Clarity  .     S - +3 plate armour {rF+}
rNeg   + . .     rCorr    .     t - +0 large shield
rPois  .         rRot     .     p - +2 helmet {SInv}
rElec  +         Spirit   .     q - +2 cloak
SustAb .         Warding  +     u - +1 pair of gloves {archery}
rMut   .         Stasis   .     j - +2 pair of boots of the Sturgeon {+Inv rElec MR+}
Gourm  .                        J - amulet of warding
MR     +++++                    X - ring of protection from magic
                                Z - +3 ring of slaying

@: lethally poisoned, very slightly contaminated, regenerating, hasted, very
quick, almost entirely resistant to hostile enchantments, extremely unstealthy
A: frail 1, weak 1
a: Burn Spellbooks, Berserk, Trog's Hand, Brothers in Arms, Renounce Religion,
Evoke Invisibility


You were on level 3 of the Elven Halls.
You worshipped Trog.
Trog was greatly pleased with you.
You were full.

You visited 4 branches of the dungeon, and saw 28 of its levels.
You also visited: Trove.

You collected 3664 gold pieces.
You spent 3176 gold pieces at shops.

Inventory:

Hand weapons
 v - a +5 flail of draining
 R - the +8 war axe of a sewer (weapon) {flame, rF+ rC+}
   (Trog gifted it to you on level 4 of the Orcish Mines)

   It emits flame when wielded, causing extra injury to most foes and up to
   double damage against particularly susceptible opponents.
   Big, fiery blades are also staple armaments of hydra-hunters.
   It protects you from fire.
   It protects you from cold.
 V - a +5 antimagic demon whip
Missiles
 z - 5 poisoned javelins (quivered)
Armour
 e - the +1 pair of boots of Deokluyshro {rC+ Slay+5}
   (You found it in a treasure trove)

   It affects your accuracy and damage with ranged weapons and melee attacks
   (+5).
   It protects you from cold.
 j - the +2 pair of boots of the Sturgeon (worn) {+Inv rElec MR+}
   (You found it in a treasure trove)

   It insulates you from electricity.
   It affects your resistance to hostile enchantments.
   It lets you turn invisible.
 p - a +2 helmet of see invisible (worn)
 q - a +2 cloak (worn)
 t - a +0 large shield (worn)
 u - a +1 pair of gloves of archery (worn)
 S - a +3 plate armour of fire resistance (worn)
Magical devices
 b - a wand of draining (1)
 g - a wand of cold (0)
 o - a wand of digging (15)
 s - a wand of slowing (11)
 C - a wand of hasting (1)
 I - a wand of fireball (0)
 L - a wand of teleportation (0)
 P - a wand of fire (0)
 Q - a wand of disintegration (9)
 T - a wand of slowing (11)
 W - a wand of fireball (3)
 Y - a wand of heal wounds (3)
Comestibles
 B - 7 meat rations
 H - 9 fruits
Scrolls
 c - 9 scrolls of teleportation
 h - 6 scrolls of blinking
 i - 4 scrolls of recharging
 l - 10 scrolls of remove curse
 m - 3 scrolls of magic mapping
 y - 2 scrolls of vulnerability
 D - 6 scrolls of fear
 M - 2 scrolls of summoning
Jewellery
 f - an uncursed ring of protection from cold
 n - an uncursed ring of protection from cold
 r - an uncursed ring of protection from fire
 E - an uncursed ring of positive energy {unknown}
 G - an uncursed amulet of resist mutation
 J - an amulet of warding (around neck)
 X - a ring of protection from magic (right hand)
 Z - a +3 ring of slaying (left hand)
Potions
 a - a potion of might
 d - 3 potions of cancellation
 k - 11 potions of curing
 w - a potion of haste
 x - 2 potions of agility
 A - 4 potions of flight
 F - 4 potions of porridge
 K - 4 potions of brilliance
 N - 3 potions of restore abilities
 U - a potion of berserk rage
Miscellaneous
 O - a sack of spiders {used: 1}


   Skills:
 + Level 12.0 Fighting
 + Level 14.0(14.3) Axes
 + Level 4.4(10.3) Maces & Flails
 + Level 0.8 Throwing
 + Level 10.2 Armour
 + Level 12.3 Dodging
 + Level 4.1 Stealth
 + Level 15.1 Shields
 + Level 4.8 Evocations


You had 16 spell levels left.
You didn't know any spells.

Dungeon Overview and Level Annotations

Branches:
Dungeon (13/15)            Temple (0/1) D:5             Orc (4/4) D:12
    Elf (3/3) Orc:3          Lair (8/8) D:9          Shoals (0/5) Lair:6
  Snake (0/5) Lair:6        Slime (0/6) Lair:6
 Vaults: D:13-14

Altars:
Ashenzari
Cheibriados
Dithmenos
Kikubaaqudgha
Makhleb
Okawaru
Qazlal
Yredelemnul
Beogh

Shops:
D:6 ?   D:10 [   Orc:1 [=}(   Orc:4 =*(   Elf:3 (

Portals:
Hell: Lair:8

Annotations:
Lair:5 exclusion: oklob plant


Innate Abilities, Weirdness & Mutations

You are frail (-10% HP).
You are weak. (Str -2)


Message History

You feel sick.
The deep elf death mage beckons forth a restless soul!
The deep elf annihilator gestures at you while chanting.
The bolt of lightning hits you! You resist.
You miss the deep elf death mage.
The deep elf death mage is heavily wounded.
You hit the deep elf annihilator. You burn the deep elf annihilator.
The deep elf annihilator is severely wounded.
You feel sick.
Your two-headed ogre hits the deep elf annihilator with a giant club!
Your two-headed ogre hits the deep elf annihilator with a giant spiked club!!
The lost soul assumes the form of the deep elf annihilator and becomes anchored to this world!
You closely miss the deep elf death mage.
The deep elf death mage is heavily wounded.
You closely miss the deep elf annihilator.
You feel sick.
The deep elf death mage hits you with a dagger of venom.
The deep elf annihilator gestures at you while chanting.
The iron shot hits you!
You die...

#.. #...#
##...#...# #
.....###.......#
.......}.......##
#.............##
##.....#.....##
#....#....##
##...#..###
##|..O⌠.##
#}%.e@.##
#|%).e.## ##
#%.?)?## #.
#).).. #. ##.?..
#. ##... ## ##.)
##? #


You could see a deep elf annihilator, a deep elf death mage and a friendly
two-headed ogre (berserk).

Vanquished Creatures
  An Ice Fiend (Elf:3)
  A deep elf blademaster (Elf:3)
  A deep elf master archer (Elf:3)
  2 deep elf sorcerers (Elf:3)
  2 deep elf demonologists (Elf:3)
  A dire elephant (Lair:8)
  4 deep elf annihilators (Elf:3)
  2 ettins (Orc:4)
  2 deep elf death magi (Elf:3)
  Josephine (Orc:3)
  2 deep elf high priests (Elf:3)
  Harold (Orc:3)
  12 hydras
  A centaur warrior (D:12)
  7 death yaks
  An orc high priest (Elf:3)
  2 ogre magi (Orc:4)
  A catoblepas (Lair:3)
  A skeletal warrior (D:13)
  5 deep elf knights
  A sea snake (Lair:6)
  An ice devil (Elf:3)
  An unseen horror (D:12)
  6 deep elf summoners
  A wizard (Lair:8)
  2 deep trolls (Orc:4)
  A hill giant (Orc:4)
  2 griffons
  2 cyclopes (Orc:4)
  9 deep elf conjurers
  An ugly thing (D:12)
  An orc sorcerer (Orc:3)
  A sixfirhy (Lair:8)
  A manticore (D:12)
  9 elephants
  Joseph (Orc:3)
  An orange demon (Lair:8)
  3 black mambas
  A gargoyle (D:10)
  An iron devil (Elf:3)
  A torpor snail (Lair:5)
  An item mimic (Orc:4)
  14 spiny frogs
  A feature mimic (Lair:5)
  5 trolls
  5 komodo dragons
  8 deep elf priests
  The ghost of Kashira the Gusty, an experienced TeAE (D:6)
  2 polar bears (Lair:6)
  2 fire drakes
  A giant leech (Lair:5)
  A burning bush (Lair:4)
  A blue devil (Elf:3)
  14 blink frogs
  6 two-headed ogres (Orc:4)
  3 basilisks
  5 slime creatures (D:12)
  A griffon skeleton (D:12)
  A wraith (D:12)
  A redback (Elf:1)
  2 wyverns
  42 yaks
  4 vampire mosquitoes (D:12)
  Eustachio (D:9)
  23 deep elf magi
  2 tarantellas (Elf:1)
  2 hungry ghosts
  25 deep elf fighters
  2 hill giant skeletons
  2 swamp worms (Lair:5)
  7 hippogriffs
  2 wargs
  3 nagas (Lair:6)
  The ghost of Somebody the Insei, an average OpTm (D:3)
  6 porcupines
  17 water moccasins
  5 ice beasts
  11 orc warriors
  7 sky beasts
  2 yellow wasps
  4 black bears
  3 phantoms
  18 ogres
  A manticore skeleton (D:12)
  11 centaurs
  13 crocodiles
  The ghost of casual the Skirmisher, an average GrAE (D:4)
  Duvessa (D:5)
  2 boring beetles
  26 giant frogs
  A gnoll sergeant (D:11)
  2 big kobolds (D:7)
  2 scorpions
  A tengu zombie (D:12)
  A hippogriff zombie (D:10)
  18 killer bees
  9 wights
  2 yak skeletons
  2 vampire bats (Lair:7)
  2 electric eels (D:8)
  6 crimson imps
  A quasit (D:8)
  2 centaur zombies
  Dowan (D:5)
  6 jellies
  2 goliath beetles (D:7)
  A yellow wasp zombie (D:9)
  Crazy Yiuf (D:2)
  2 giant frog skeletons
  13 orc priests
  An elf skeleton (D:11)
  19 worker ants
  10 hounds
  8 iguanas
  31 orc wizards
  Natasha (D:6)
  5 orange rats
  5 sheep (Lair:5)
  An ogre zombie (Orc:3)
  A hound skeleton (D:10)
  27 adders
  A worker ant zombie (D:10)
  3 gnolls (D:11)
  33 green rats
  3 orc zombies
  A scorpion zombie (D:7)
  3 orc skeletons
  2 white imps
  An inept item mimic (D:5)
  2 giant mites
  2 shadow imps
  An ufetubus (D:9)
  2 worms
  5 giant geckos
  153 orcs
  25 bats
  A bat zombie (D:9)
  18 hobgoblins
  14 jackals
  An ooze (Lair:6)
  12 quokkas
  A ball python (D:3)
  4 giant cockroaches
  4 giant newts
  A giant spore (D:9)
  16 goblins
  A goblin skeleton (Orc:3)
  2 hobgoblin skeletons
  27 kobolds
  2 kobold zombies
  An orc simulacrum (Orc:3)
  A quokka skeleton (D:9)
  10 rats
  2 rat skeletons (D:4)
  A rat zombie (D:7)
  19 ballistomycetes
  3 crawling corpses (Elf:3)
  7 fungi
  8 plants
993 creatures vanquished.

Vanquished Creatures (collateral kills)
  A deep elf blademaster (Elf:3)
  A deep elf master archer (Elf:3)
  A deep elf sorcerer (Elf:3)
  2 deep elf demonologists (Elf:3)
  2 deep elf annihilators (Elf:3)
  A deep elf death mage (Elf:3)
  A deep elf high priest (Elf:3)
  A deep elf summoner (Elf:3)
  A cyclops (Orc:4)
  A feature mimic (Orc:4)
  5 orange demons
  A smoke demon (Lair:8)
  An iron devil (Elf:3)
  5 red devils
  A deep elf priest (Elf:3)
  2 hellwings
  A blue devil (Lair:8)
  3 trolls (Orc:4)
  A chaos spawn (Elf:3)
  2 ogres (Orc:4)
  2 orange rats (Elf:3)
36 creatures vanquished.

Vanquished Creatures (others)
  A deep elf knight (Elf:3)
  A deep troll (Elf:3)
  A deep elf conjurer (Elf:3)
  A troll (Elf:3)
  2 two-headed ogres (Elf:3)
  A spider (Elf:3)
  A black bear (Elf:3)
  3 ogres (Elf:3)
  4 lost souls (Elf:3)
  A hound (Lair:3)
  An orc wizard (Orc:1)
  2 giant spores
  A rat (D:6)
  A ballistomycete (D:9)
  2 bushes (Lair:8)
  A crawling corpse (Elf:3)
  7 fungi
  3 plants
34 creatures vanquished.

Grand Total: 1063 creatures vanquished

Notes
Turn   | Place    | Note
--------------------------------------------------------------
     0 | D:1      | Johnny, the Human Berserker, began the quest for the Orb.
     0 | D:1      | Reached XP level 1. HP: 18/18 MP: 1/1
   257 | D:1      | Reached XP level 2. HP: 18/24 MP: 2/2
   979 | D:1      | Reached XP level 3. HP: 29/29 MP: 3/3
  1366 | D:2      | Reached XP level 4. HP: 33/35 MP: 4/4
  1712 | D:2      | Acquired Trog's second power
  1934 | D:2      | Noticed Crazy Yiuf
  1941 | D:2      | Killed Crazy Yiuf
  2268 | D:2      | Found a basalt altar of Yredelemnul.
  2401 | D:3      | Reached XP level 5. HP: 39/42 MP: 5/5
  2588 | D:3      | Noticed Somebody's ghost (average OpTm)
  2597 | D:3      | Killed Somebody's ghost
  2597 | D:3      | Reached skill level 1 in Shields
  2597 | D:3      | Reached XP level 6. HP: 48/48 MP: 6/6
  3068 | D:4      | Noticed casual's ghost (average GrAE)
  3106 | D:4      | Killed casual's ghost
  3106 | D:4      | Reached skill level 4 in Dodging
  3276 | D:4      | Found a stormy altar of Qazlal.
  3320 | D:4      | Reached XP level 7. HP: 47/53 MP: 7/7
  4076 | D:5      | Entered Level 5 of the Dungeon
  4076 | D:5      | Noticed a hungry ghost
  4090 | D:5      | Killed a hungry ghost
  4090 | D:5      | Reached skill level 1 in Axes
  4090 | D:5      | Reached skill level 5 in Dodging
  4090 | D:5      | Reached XP level 8. HP: 60/60 MP: 8/8
  4250 | D:5      | Noticed Duvessa
  4251 | D:5      | Noticed Dowan
  4261 | D:5      | Killed Dowan
  4263 | D:5      | Killed Duvessa
  4728 | D:5      | Found a staircase to the Ecumenical Temple.
  4893 | D:6      | Noticed Kashira's ghost (experienced TeAE)
  4905 | D:6      | Killed Kashira's ghost
  4905 | D:6      | Reached skill level 6 in Dodging
  4905 | D:6      | Reached XP level 9. HP: 66/66 MP: 9/9
  5033 | D:6      | Found Twazusm's Magic Scroll Boutique.
  5045 | D:6      | Bought a scroll of identify for 26 gold pieces
  5045 | D:6      | Bought a scroll of identify for 26 gold pieces
  5045 | D:6      | Bought a scroll of fear for 45 gold pieces
  5045 | D:6      | Bought a scroll of identify for 26 gold pieces
  5045 | D:6      | Bought 2 scrolls of identify for 52 gold pieces
  5045 | D:6      | Bought a scroll of teleportation for 39 gold pieces
  5060 | D:6      | Reached skill level 5 in Shields
  5091 | D:6      | Reached skill level 5 in Armour
  5376 | D:6      | Acquired Trog's third power
  5421 | D:6      | Reached skill level 5 in Fighting
  5424 | D:6      | Found an iron altar of Okawaru.
  5696 | D:6      | Noticed Natasha
  5700 | D:6      | Killed Natasha
  5803 | D:7      | Reached skill level 7 in Dodging
  6381 | D:7      | Reached XP level 10. HP: 65/74 MP: 10/10
  7385 | D:8      | Got a sapphire-encrusted leather armour
  7396 | D:8      | Identified the +2 leather armour of Sin {Dex+2} (You found it on level 8 of the Dungeon)
  7637 | D:8      | Reached skill level 5 in Axes
  7930 | D:8      | Reached skill level 8 in Dodging
  8168 | D:8      | Received a gift from Trog
  8576 | D:8      | Received a gift from Trog
  9173 | D:8      | Found an ancient bone altar of Kikubaaqudgha.
  9186 | D:8      | Reached skill level 1 in Stealth
  9189 | D:8      | Found a shadowy altar of Dithmenos.
  9193 | D:8      | Found a shattered altar of Ashenzari.
  9329 | D:8      | Reached skill level 9 in Dodging
  9814 | D:9      | Reached XP level 11. HP: 81/81 MP: 12/12
  9881 | D:9      | Found a staircase to the Lair.
 10005 | D:9      | Found a snail-covered altar of Cheibriados.
 10068 | D:9      | Noticed Eustachio
 10082 | D:9      | Killed Eustachio
 10936 | D:10     | Entered Level 10 of the Dungeon
 11072 | D:10     | Found Plogobbu's Armour Shop.
 11075 | D:10     | Bought a +0 helmet of see invisible for 149 gold pieces
 11258 | D:10     | Received a gift from Trog
 12176 | D:11     | Reached skill level 10 in Dodging
 13048 | D:12     | Found a staircase to the Orcish Mines.
 13252 | D:12     | Noticed a centaur warrior
 13266 | D:12     | Killed a centaur warrior
 13266 | D:12     | Reached XP level 12. HP: 73/91 MP: 13/13
 13280 | D:12     | Noticed a manticore
 13341 | D:12     | Killed a manticore
 13406 | D:12     | Noticed a four-headed hydra
 13420 | D:12     | Killed a four-headed hydra
 13527 | D:12     | Noticed a cyan ugly thing
 13536 | D:12     | Killed a cyan ugly thing
 13739 | D:12     | Reached skill level 10 in Shields
 14002 | D:12     | Noticed an unseen horror
 14007 | D:12     | Killed an unseen horror
 14253 | D:13     | Noticed a four-headed hydra
 14253 | D:13     | Noticed a skeletal warrior
 14274 | D:13     | Killed a four-headed hydra
 14274 | D:13     | Reached skill level 11 in Dodging
 14607 | D:13     | Killed a skeletal warrior
 14720 | D:13     | Noticed a skeletal warrior
 14722 | D:13     | Noticed a skeletal warrior
 14723 | D:13     | Noticed a skeletal warrior
 14723 | D:13     | Noticed a skeletal warrior
 15057 | Lair:1   | Entered Level 1 of the Lair of Beasts
 15202 | Lair:1   | Received a gift from Trog
 15690 | D:10     | Bought a +2 plate armour of fire resistance for 520 gold pieces
 16538 | Lair:2   | Noticed a five-headed hydra
 16544 | Lair:2   | Killed a five-headed hydra
 16544 | Lair:2   | Reached XP level 13. HP: 98/98 MP: 14/14
 17849 | Lair:3   | Reached skill level 1 in Evocations
 18875 | Lair:4   | Reached skill level 10 in Axes
 19477 | Lair:5   | Found a staircase to the Swamp.
 19801 | Lair:5   | Received a gift from Trog
 20052 | Lair:5   | Reached XP level 14. HP: 80/108 MP: 17/17
 20216 | Lair:5   | Reached skill level 12 in Shields
 20941 | Lair:5   | the staircase to the Swamp was a mimic.
 21371 | Lair:6   | Found a staircase to the Slime Pits.
 21477 | Lair:6   | Found a dark tunnel.
 21936 | Lair:6   | Found a staircase to the Shoals.
 21952 | Lair:6   | Received a gift from Trog
 22321 | Lair:6   | Found a staircase to the Snake Pit.
 22330 | Lair:6   | Reached skill level 10 in Fighting
 23702 | Lair:8   | Entered Level 8 of the Lair of Beasts
 24018 | Lair:8   | Reached skill level 13 in Shields
 24346 | Lair:8   | Received a gift from Trog
 24351 | Lair:8   | Reached XP level 15. HP: 116/116 MP: 18/18
 24785 | Lair:8   | Found a burning altar of Makhleb.
 25030 | Lair:8   | Found a gateway to Hell.
 26041 | Orc:1    | Entered Level 1 of the Orcish Mines
 26041 | Orc:1    | Found Wucwea Rumm's Gadget Emporium.
 26042 | Orc:1    | Found Letoal's Antique Armour Emporium.
 26073 | Orc:1    | Bought a shiny shield for 148 gold pieces
 26176 | Orc:1    | Received a gift from Trog
 26280 | Orc:1    | Found Qionwapp's Jewellery Boutique.
 26317 | Orc:1    | Found Qechos' Antique Weapon Emporium.
 26848 | Orc:3    | Noticed Josephine
 26856 | Orc:3    | Killed Josephine
 27000 | Orc:3    | Noticed Harold
 27012 | Orc:3    | Killed Harold
 27053 | Orc:3    | Found a staircase to the Elven Halls.
 27287 | Orc:3    | Noticed Joseph
 27293 | Orc:3    | Killed Joseph
 27319 | Orc:4    | Entered Level 4 of the Orcish Mines
 27329 | Orc:4    | Received a gift from Trog
 27475 | Orc:4    | Found a roughly hewn altar of Beogh.
 27734 | Orc:4    | Reached skill level 14 in Shields
 27753 | Orc:4    | Found Huutuzu's Jewellery Boutique.
 27763 | Orc:4    | Found Thritoq's General Store.
 27769 | Orc:4    | Found Plog's Assorted Antiques.
 27777 | Orc:4    | Received a gift from Trog
 27783 | Orc:4    | Found Khyhagat's Antique Weapon Shop.
 27789 | Orc:4    | Plog's Assorted Antiques was a mimic.
 27819 | Orc:4    | Got a sapphire war axe {god gift}
 27820 | Orc:4    | Identified the +8 war axe of a sewer {flame, rF+ rC+} (Trog gifted it to you on level 4 of the Orcish Mines)
 28068 | Elf:1    | Entered Level 1 of the Elven Halls
 28606 | Elf:1    | Reached XP level 16. HP: 53/125 MP: 20/20
 29588 | Elf:2    | Received a gift from Trog
 29617 | Elf:2    | Found a portal to a secret trove of treasure.
 29969 | Elf:2    | You paid a toll of a wand of heal wounds (8) to enter a treasure trove
 29970 | Trove    | Entered a treasure trove
 29980 | Trove    | Got a pair of encrusted boots
 29986 | Trove    | Identified the +0 pair of boots of the Clouds {Str+2} (You found it in a treasure trove)
 30010 | Trove    | Got a pair of fine boots
 30013 | Trove    | Got a pair of steaming boots
 30024 | Trove    | Identified the +1 pair of boots of Deokluyshro {rC+ Slay+5} (You found it in a treasure trove)
 30034 | Trove    | Identified the +2 pair of boots of the Sturgeon {+Inv rElec MR+} (You found it in a treasure trove)
 30047 | Trove    | Identified a scroll of acquirement
 30248 | Orc:1    | Bought a shimmering fire dragon armour for 2145 gold pieces
 30262 | Orc:1    | Identified the cursed -4 fire dragon armour of the Heavens {rF++ rC- Str-2 Dex+3} (You bought it in a shop on level 1 of the Orcish Mines)
 30397 | Elf:3    | Entered Level 3 of the Elven Halls
 30759 | Elf:3    | Found Ahamp's Antique Weapon Shoppe.
 30838 | Elf:3    | Noticed a deep elf blademaster
 30845 | Elf:3    | Noticed an Ice Fiend
 30865 | Elf:3    | Killed a deep elf blademaster
 30871 | Elf:3    | Killed an Ice Fiend
 30885 | Elf:3    | Noticed a deep elf master archer
 30900 | Elf:3    | Killed a deep elf master archer
 30907 | Elf:3    | Noticed a deep elf blademaster
 30933 | Elf:3    | Killed a deep elf blademaster
 31196 | Elf:3    | Reached skill level 10 in Armour
 31233 | Elf:3    | Noticed a deep elf master archer
 31253 | Elf:3    | Killed a deep elf master archer
 31406 | Elf:3    | Noticed an Executioner
 31425 | Elf:3    | Gained mutation: You are frail (-10% HP). [mutagenic glow]
 31527 | Elf:3    | Gained mutation: You are weak. (Str -2) [mutagenic glow]
 31686 | Elf:3    | Reached skill level 15 in Shields
 31686 | Elf:3    | Reached XP level 17. HP: 110/119 MP: 24/24
 32105 | Elf:3    | Killed from afar by a deep elf annihilator

Action                   |  1- 3 |  4- 6 |  7- 9 | 10-12 | 13-15 | 16-18 || total
-------------------------+-------+-------+-------+-------+-------+-------++-------
Melee: Mace              |    97 |   119 |       |       |       |       ||   216
       Unarmed           |       |     4 |       |       |       |       ||     4
       Quarterstaff      |       |     4 |       |       |       |       ||     4
       Hand axe          |       |    76 |   377 |   543 |       |       ||   996
       Broad axe         |       |       |       |   506 |   943 |       ||  1449
       Flail             |       |       |       |    27 |    38 |       ||    65
       Executioner's axe |       |       |       |       |     6 |       ||     6
       War axe           |       |       |       |       |    71 |   310 ||   381
Throw: Javelin           |       |       |       |     7 |       |     2 ||     9
Invok: Berserk           |     1 |     2 |     4 |    16 |    20 |     5 ||    48
       Trog's Hand       |       |       |     2 |     4 |    10 |    10 ||    26
       Burn Spellbooks   |       |       |       |     2 |     3 |     1 ||     6
       Brothers in Arms  |       |       |       |       |     3 |    10 ||    13
 Abil: Evoke Invisibilit |       |       |       |       |       |     5 ||     5
Evoke: Wand              |       |       |     2 |     5 |    29 |    30 ||    66
       Sack of spiders   |       |       |       |       |       |     1 ||     1
  Use: Scroll            |     7 |     5 |     4 |    25 |    11 |    10 ||    62
       Potion            |       |       |       |     3 |     2 |     5 ||    10
 Stab: Distracted        |       |       |       |     2 |       |     2 ||     4
       Sleeping          |       |       |       |     3 |       |       ||     3
       Invisible         |       |       |       |       |       |     5 ||     5
  Eat: Chunk             |     2 |     1 |     6 |    22 |    32 |     6 ||    69
       Bread ration      |       |     1 |     1 |     3 |     3 |     2 ||    10
       Meat ration       |       |     1 |       |       |       |     2 ||     3
       Beef jerky        |       |       |     2 |     3 |     3 |     2 ||    10
       Royal jelly       |       |       |       |     2 |       |       ||     2
       Fruit             |       |       |       |    11 |    11 |     1 ||    23
       Pizza             |       |       |       |       |     2 |       ||     2
